 Dungeon Crawl Stone Soup version 0.27-a0-1572-gacd6f1ce93 (webtiles) character file.

Game seed: 8247868117411798432

7074 DocSulfur the Covert (level 10, -1/44 HPs)
             Began as a Spriggan Enchanter on July 17, 2021.
             Was an Elder of Zin.
             Slain by a vampire mosquito (9 damage)
             ... on level 10 of the Dungeon.
             The game lasted 01:10:27 (19497 turns).

DocSulfur the Covert (Spriggan Enchanter)          Turns: 19497, Time: 01:10:28

Health: -1/44      AC:  3    Str: 10    XL:     10   Next: 84%
Magic:  7/20       EV: 21    Int: 16    God:    Zin [****..]
Gold:   512        SH:  0    Dex: 20    Spells: 6/21 levels left

rFire    . . .     SeeInvis +   a - +1 dagger
rCold    . . .     Faith    .   (shield restricted)
rNeg     . . .     Spirit   .   t - +0 robe {Will+}
rPois    .         Reflect  .   (helmet restricted)
rElec    .         Harm     .   u - +0 cloak
rCorr    .         Rampage  .   (gloves unavailable)
Will     ++...                  (boots unavailable)
Stlth    +++++.....             (no amulet)
HPRegen  0.14/turn              e - +6 ring of strength
MPRegen  0.17/turn              (no ring)

@: very quick
A: very small, no large weapons, unfitting armour, see invisible, speed 3
a: Renounce Religion, Recite, Vitalisation, Imprison, Donate Gold


You were on level 10 of the Dungeon.
You worshipped Zin.
Zin was greatly pleased with you.
You visited 2 branches of the dungeon, and saw 11 of its levels.
You also visited: Ossuary.

You collected 580 gold pieces.
You spent 12 gold pieces at shops.
You donated 56 gold pieces to Zin.

Inventory:

Hand Weapons
 a - a +1 dagger (weapon)
 d - a +2 whip of flaming
 m - a +2 scimitar of electrocution
 A - a +0 rapier
Missiles
 b - 21 poisoned darts
 f - 16 boomerangs (quivered)
 g - 107 sling bullets
 r - 90 stones
 z - 4 atropa-tipped darts
 C - 3 throwing nets
Armour
 i - the +1 robe of the Pit {rCorr}
   (You found it on level 6 of the Dungeon)

   rCorr:     It protects you from acid and corrosion.
 l - a scarf of harm
 t - a +0 robe of willpower (worn)
 u - a +0 cloak (worn)
 I - +0 steam dragon scales
Magical Staves
 s - a staff of fire
Jewellery
 e - a +6 ring of strength (left hand)
 K - a +4 ring of evasion
Wands
 x - a wand of paralysis (7)
 y - a wand of flame (23)
Scrolls
 c - a scroll of magic mapping {unknown}
 j - 2 scrolls of blinking
 n - 2 scrolls of enchant armour
 o - a scroll of vulnerability
 q - 4 scrolls of teleportation
 v - a scroll of enchant weapon
 D - 2 scrolls of brand weapon
 E - 2 scrolls of immolation
 F - a scroll of amnesia
 G - a scroll of holy word
 J - a scroll of identify
Potions
 h - 3 potions of attraction
 k - 8 potions of curing
 p - 2 potions of lignification
 w - a potion of heal wounds
 B - 2 potions of haste
 H - a potion of resistance {unknown}


   Skills:
 - Level 10.0 Short Blades
 * Level 6.0 Dodging
 - Level 10.6 Stealth
 - Level 6.0 Spellcasting
 + Level 1.8 Conjurations
 - Level 8.0 Hexes
 - Level 4.0 Ice Magic
 + Level 2.2 Air Magic
 + Level 2.4 Poison Magic
 - Level 6.0 Invocations


You had 6 spell levels left.
You knew the following spells:

 Your Spells              Type           Power      Damage    Failure   Level
a - Corona                Hex            33%        N/A       1%          1
b - Confusing Touch       Hex            30%        N/A       1%          3
c - Ensorcelled Hibernat  Hex/Ice        48%        N/A       1%          2
d - Tukima's Dance        Hex            30%        N/A       1%          3
e - Dazzling Flash        Conj/Hex       40%        N/A       5%          3
f - Mephitic Cloud        Conj/Pois/Air  11%        N/A       17%         3

Your spell library contained the following spells:

 Spells                   Type           Power      Damage    Failure   Level
 Slow                     Hex            30%        N/A       1%          2
 Shock                    Conj/Air       44%        1d5       6%          1
 Portal Projectile        Hex/Tloc       34%        N/A       8%          3
 Swiftness                Air            12%        N/A       16%         3
 Leda's Liquefaction      Hex/Erth       8%         N/A       26%         4
 Ignite Poison            Fire/Tmut/Pois 7%         N/A       30%         3
 Call Canine Familiar     Summ           4%         N/A       38%         3
 Gell's Gravitas          Tloc           2%         N/A       38%         3
 Teleport Other           Tloc           4%         N/A       38%         3
 Airstrike                Air            6%         N/A       47%         4
 Yara's Violent Unravell  Hex/Tmut       8%         3d5       58%         5
 Fireball                 Conj/Fire      3%         3d4       95%         5
 Bolt of Magma            Conj/Fire/Erth 3%         4d5       96%         5
 Dispersal                Tloc           2%         N/A       100%        6
 Starburst                Conj/Fire      3%         8x6d3     100%        6
 Malign Gateway           Summ/Tloc      2%         N/A       100%        7
 Disjunction              Tloc           2%         N/A       100%        8
 Ignition                 Fire           2%         3d3       100%        8
 Summon Horrible Things   Summ           2%         N/A       100%        8


Dungeon Overview and Level Annotations

Branches:
Dungeon (10/15)            Temple (1/1) D:5         Ossuary (visited)
   Lair: D:8-11         Orc: D:9-12

Altars:
Ashenzari
Cheibriados
Dithmenos
Elyvilon
Fedhas
Gozag
Hepliaklqana
Kikubaaqudgha
Makhleb
Nemelex Xobeh
Okawaru
Qazlal
Ru
Sif Muna
Trog
Uskayaw
Vehumet
Wu Jian
Xom
Yredelemnul
Zin
The Shining One
Beogh

Shops:
D:2 !=!   D:4 :

Annotations:
D:4 3 runed translucent doors, anet's ghost, amateur GnDe


Innate Abilities, Weirdness & Mutations

You are very small and have problems with some larger weapons.
You are too small for most types of armour.
You have supernaturally acute eyesight. (SInv)
You cover ground extremely quickly. (Speed+++)


Message History

The vampire mosquito draws strength from your injuries!
You hear a choir sing!
By Zin's power, all blood is cleared from the sanctuary.
The vampire mosquito turns to flee the light!
You can no longer call upon Zin to create a sanctuary.
You are ready to recite again.
You see here a vampire mosquito corpse.
You see here a vampire mosquito corpse.
The sanctuary disappears.
You see here a vampire mosquito corpse.
Okay, then.
You feel better. The vampire mosquito barely misses you.
The vampire mosquito misses you.
Casting: Confusing Touch (safe; 1% risk of failure)
Confirm with . or Enter, or press ? or * to list all spells.
Your hands begin to glow brighter.
The vampire mosquito closely misses you.
The vampire mosquito misses you.
You hit the vampire mosquito but do no damage.
The vampire mosquito completely misses you.
You hit the vampire mosquito but do no damage.
The vampire mosquito bites you!
* * * LOW HITPOINT WARNING * * *
The vampire mosquito draws strength from your injuries!
You hit the vampire mosquito but do no damage.
The vampire mosquito appears confused.
The vampire mosquito closely misses you.
You hit the vampire mosquito but do no damage.
The vampire mosquito completely misses you.
You hit the vampire mosquito but do no damage.
You hit the vampire mosquito.
The vampire mosquito is lightly damaged.
The vampire mosquito misses you.
You hit the vampire mosquito but do no damage.
The vampire mosquito is lightly damaged.
The vampire mosquito closely misses you.
You hit the vampire mosquito but do no damage.
The vampire mosquito is lightly damaged.
The vampire mosquito bites you!
You die...

........####............#.##
........# #...............#
.....[..# #...............#
........# #...........##.##
.......## ###........##..####
......## ###....####..#..##
......## ##..## ##.#....#
....#..## ############.......#
######..###..†.y@............#
###.......#######.........#
##..######## ##...<...)..#
##..## #...........# ##...#
#>..........# #....#
#...........# ....##
##.........## #...#
#.....$...# ...## ##.......##


You could see a vampire mosquito (confused, corona).

Vanquished Creatures
  3 two-headed ogres
  Maggie (D:7)
  A kobold demonologist (D:10)
  A troll (D:9)
  A wraith (D:5)
  A shadow (D:9)
  2 dancing weapons
  2 wyverns
  A vampire mosquito (D:10)
  A steam dragon (D:8)
  4 water moccasins
  2 ice beasts
  3 orc warriors
  A sky beast (D:8)
  2 ogres
  4 centaurs
  2 phantoms
  A gnoll sergeant (D:8)
  A scorpion (D:5)
  A water moccasin zombie (D:6)
  A wyvern skeleton (D:7)
  A water moccasin skeleton (D:6)
  A jelly (D:6)
  3 killer bees (D:8)
  2 wights (D:9)
  2 centaur zombies
  4 howler monkeys
  A bullfrog zombie (D:6)
  A human zombie (Ossuary)
  A lava snake (D:9)
  3 orc priests
  A bullfrog skeleton (D:5)
  5 hounds
  Crazy Yiuf (D:3)
  A centaur skeleton (D:3)
  3 gnoll shamans
  2 iguanas (D:6)
  6 orc wizards
  A hound skeleton (D:4)
  A hound zombie (Ossuary)
  4 mummies (Ossuary)
  A howler monkey zombie (D:9)
  13 gnolls
  2 howler monkey skeletons
  5 adders
  A shadow imp (D:8)
  An ufetubus (D:3)
  An adder zombie (Ossuary)
  2 worms
  4 dart slugs (D:2)
  29 orcs
  5 ball pythons
  7 bats
  4 endoplasms
  A giant cockroach (D:2)
  10 goblins
  7 hobgoblins
  3 jackals (D:5)
  2 quokkas
  2 frilled lizards
  A goblin zombie (Ossuary)
  3 hobgoblin zombies (Ossuary)
  A jackal zombie (Ossuary)
  5 kobolds
  3 kobold zombies (Ossuary)
  5 rats
  A rat zombie (Ossuary)
199 creatures vanquished.

Vanquished Creatures (collateral kills)
  A two-headed ogre (D:7)
  An ogre (D:7)
  A wight (D:9)
  4 gnolls
  An orc (D:4)
8 creatures vanquished.

Vanquished Creatures (others)
  2 dancing weapons
2 creatures vanquished.

Grand Total: 209 creatures vanquished

Notes
Turn   | Place    | Note
-------+----------+-------------------------------------------
     0 | D:1      | DocSulfur the Spriggan Enchanter began the quest for the
                  | Orb.
     0 | D:1      | Reached XP level 1. HP: 9/9 MP: 5/5
   849 | D:1      | Reached XP level 2. HP: 10/13 MP: 4/6
  1094 | D:1      | Reached skill level 5 in Stealth
  2290 | D:2      | Found a white marble altar of Elyvilon.
  2290 | D:2      | Found a faded altar of an unknown god.
  2544 | D:2      | Found Siudestee's Jewellery Emporium.
  2594 | D:2      | Found Wafazar's Distillery.
  2599 | D:2      | Bought a potion of degeneration for 12 gold pieces
  2818 | D:2      | Reached XP level 3. HP: 8/16 MP: 6/8
  3372 | D:2      | Found Keemmeto's Distillery.
  3717 | D:3      | Reached XP level 4. HP: 9/21 MP: 6/9
  3799 | D:3      | Learned a level 3 spell: Confusing Touch
  3806 | D:3      | Learned a level 2 spell: Ensorcelled Hibernation
  4322 | D:3      | Found a runed translucent door.
  4323 | D:3      | Noticed Crazy Yiuf
  5201 | D:3      | Killed Crazy Yiuf
  5202 | D:3      | Reached XP level 5. HP: 2/24 MP: 6/10
  5565 | D:4      | Found Emyupp's Self-Improvement Boutique.
  5659 | D:4      | Learned a level 3 spell: Tukima's Dance
  5700 | D:5      | Entered Level 5 of the Dungeon
  6370 | D:4      | Noticed an orc warrior
  6479 | D:5      | Noticed an ice beast
  6480 | D:5      | Killed an ice beast
  6481 | D:5      | Reached XP level 6. HP: 18/28 MP: 6/11
  6481 | D:5      | Found a staircase to the Ecumenical Temple.
  6533 | Temple   | Entered the Ecumenical Temple
  6701 | Temple   | Became a worshipper of Zin the Law-Giver
  6968 | D:4      | Found a runed translucent gate.
  6968 | D:4      | Noticed anet's ghost (amateur GnDe)
  6969 | D:4      | Found a runed translucent gate.
  6971 | D:4      | Identified the +10 dagger of the Unstoppable Seas {flame,
                  | rC- Dex+7}
  6978 | D:4      | Found a runed translucent gate.
  6988 | D:4      | Found the +2 hat of the Bear Spirit {Spirit, +Rage rN+
                  | Will++}
  7628 | D:4      | Reached skill level 5 in Hexes
  8666 | D:4      | Killed an orc warrior
  8667 | D:4      | Reached skill level 5 in Short Blades
  8882 | D:4      | Reached XP level 7. HP: 22/32 MP: 8/12
  9502 | D:5      | Reached * piety under Zin
 11166 | D:6      | Reached skill level 10 in Stealth
 11170 | D:6      | Reached XP level 8. HP: 36/36 MP: 13/13
 11519 | D:6      | Reached ** piety under Zin
 12168 | D:5      | Reached skill level 1 in Invocations
 12315 | D:6      | Identified the +1 robe of the Pit {rCorr}
 12441 | D:6      | Reached skill level 1 in Ice Magic
 12826 | D:7      | Noticed a two-headed ogre
 12929 | D:7      | Killed a two-headed ogre
 12930 | D:7      | Reached XP level 9. HP: 20/39 MP: 0/15
 13187 | D:7      | Noticed Maggie
 13867 | D:7      | Killed Maggie
 14343 | D:8      | Noticed a two-headed ogre
 14366 | D:8      | Found a sand-covered staircase.
 14373 | Ossuary  | Entered an ossuary
 14404 | Ossuary  | Reached *** piety under Zin
 14562 | Ossuary  | Reached **** piety under Zin
 14740 | D:8      | Killed a two-headed ogre
 14741 | D:8      | Reached skill level 5 in Spellcasting
 14741 | D:8      | Reached skill level 5 in Invocations
 14776 | D:8      | Learned a level 3 spell: Dazzling Flash
 14780 | D:8      | Learned a level 3 spell: Mephitic Cloud
 14794 | D:8      | Found an ornate altar of the Wu Jian Council.
 15109 | D:8      | Reached XP level 10. HP: 37/44 MP: 14/19
 16793 | D:9      | Noticed a two-headed ogre
 16795 | D:9      | Killed a two-headed ogre
 16796 | D:9      | Reached skill level 1 in Poison Magic
 16872 | D:9      | Reached skill level 1 in Air Magic
 16917 | D:9      | Reached ***** piety under Zin
 16918 | D:9      | Reached skill level 10 in Short Blades
 17280 | D:8      | Reached skill level 1 in Conjurations
 18628 | D:10     | Entered Level 10 of the Dungeon
 18762 | D:10     | Reached skill level 5 in Dodging
 18816 | D:10     | Noticed a two-headed ogre
 18842 | D:10     | Killed a two-headed ogre
 19497 | D:10     | Slain by a vampire mosquito

Illustrated notes

Levels and vault maps discovered:
D:1:      dpeg_cavernosity, layout_basic, ebering_dispersal_statue_hall,
          corexii_hall_statues_l
D:2:      layout_basic, hellmonk_ecumenical_altar_leap_of_faith, basic_altar,
          serial_shops, shop_statue, nicolae_lakefront_shop, shop,
          minmay_ruptured
D:3:      layout_rooms, uniq_crazy_yiuf_cottage
D:4:      layout_rooms, biasface_ghost_orc_armoury, nicolae_shop_self_help
D:5:      minmay_angry_zag, layout_basic, minmay_temple_entry_glass,
          kennysheep_minor_cross
D:6:      layout_gridville
D:7:      layout_loops_cross, uniq_maggie
D:8:      layout_layer_cave, old_standard_altar, enter_ossuary_3
D:9:      layout_rooms, kennysheep_donut
D:10:     layout_cave_pods, serial_column_ruins, column_ruins_square_medium,
          column_ruins_corridor_T, column_ruins_corridor_corner,
          column_ruins_open_tiny, column_ruins_grid_1, enter_bailey_7,
          nicolae_benzene_ring
Temple:   compressed_dpeg_circular_temple

Skill      XL: |  1  2  3  4  5  6  7  8  9 10 |
---------------+-------------------------------+-----
Stealth        | 5 6 7 8 10 | 10.6
Short Blades   | 2 3 4 5 6 8 9 10 | 10.0
Hexes          | 4 5 6 7 8 |  8.0
Spellcasting   | 3 5 6 |  6.0
Invocations    | 3 5 6 |  6.0
Ice Magic      | 1 3 4 |  4.0
Dodging        | 6 |  6.0
Poison Magic   | 2 |  2.4
Air Magic      | 2 |  2.2
Conjurations   | 1 |  1.8

Action                   |  1- 3 |  4- 6 |  7- 9 | 10-12 || total
-------------------------+-------+-------+-------+-------++-------
Melee: Dagger            |   138 |   227 |   360 |   234 ||   959
Throw: Boomerang         |       |     7 |       |     2 ||     9
 Cast: Corona            |    44 |    16 |       |       ||    60
       Confusing Touch   |       |    35 |    59 |    42 ||   136
       Ensorcelled Hiber |       |     3 |     4 |     2 ||     9
       Tukima's Dance    |       |     2 |     9 |    16 ||    27
Invok: Donate Gold       |       |     1 |       |       ||     1
       Recite            |       |       |       |    12 ||    12
       Sanctuary         |       |       |       |     1 ||     1
  Use: Scroll            |       |       |    16 |       ||    16
       Potion            |       |       |     2 |     3 ||     5
 Stab: Sleeping          |     5 |     5 |    15 |     3 ||    28
       Distracted        |     1 |     2 |     1 |     2 ||     6
       Confused          |       |    22 |    44 |    32 ||    98
       Invisible         |       |       |       |     6 ||     6
Armor: Robe              |    23 |    12 |    11 |    17 ||    63
Dodge: Dodged            |   103 |   164 |   156 |   175 ||   598

Table legend: (Time is in decaauts)
 A = Elapsed time spent in this place.
 B = Non-inter-level travel time spent in this place.
 C = Inter-level travel time spent in this place.
 D = Time resting spent in this place.
 E = Time spent auto-exploring this place.
 F = Levels seen in this place.
 G = Mean time per level.
                   A        B        C        D        E       F      G
               +--------+--------+--------+--------+--------+-----+--------+
         Total |  15026 |  14223 |    803 |   3377 |   5949 |  12 | 1252.2 |
       Dungeon |  14634 |  13831 |    803 |   3316 |   5881 |  10 | 1463.4 |
        Temple |    175 |    175 |      0 |     61 |      0 |   1 |  175.0 |
       Ossuary |    217 |    217 |      0 |      0 |     68 |   1 |  217.0 |
               +--------+--------+--------+--------+--------+-----+--------+

Top non-repeatable levels by time:
     D:3: 2526 daAuts
     D:8: 2135 daAuts
     D:2: 1833 daAuts
     D:5: 1823 daAuts
     D:4: 1511 daAuts
     D:1: 1255 daAuts
     D:6: 1129 daAuts
     D:7: 983 daAuts
     D:9: 904 daAuts
    D:10: 530 daAuts
 Ossuary: 217 daAuts
  Temple: 175 daAuts
